[Event "Maria Albulet Memorial 2017"]
[Site "Braila"]
[Date "2017.10.07"]
[Round "1"]
[White "Babiy, Olga"]
[Black "Didiliuc, Dariana-Gabriela"]
[Result "0-1"]
[ECO "B33"]
[WhiteElo "2317"]
[BlackElo "1779"]
[Annotator "ChessBase"]
[PlyCount "56"]
[EventDate "2017.??.??"]
[EventCountry "ROU"]
[SourceTitle "playchess.com"]
[Source "ChessBase"]
[SourceQuality "1"]
[TimeControl "40/5400+30:900+30"]

1. e4 c5 2. Nf3 Nc6 3. d4 cxd4 4. Nxd4 Nf6 5. Nc3 e5 6. Ndb5 d6 7. Bg5 a6 8. Na3 b5 9. Nd5 Be7 10. Bxf6 Bxf6 11. c3 Ne7 12. Nxf6+ gxf6 13. Be2 Bb7 14. Bf3 d5 15. exd5 Bxd5 16. Nc2 Qd6 17. Ne3 Rd8 18. Nxd5 Nxd5 19. Qc2 Qe6 20. O-O-O O-O 21. Kb1 f5 22. g4 fxg4 23. Bxg4 f5 24. Bh3 e4 25. Rhg1+ Kh8 26. Qd2 Nb4 27. cxb4 Rxd2 28. Rxd2 Qh6 0-1

[Event "Maria Albulet Memorial 2017"]
[Site "Braila"]
[Date "2017.10.07"]
[Round "1"]
[White "Djukic, Sandra"]
[Black "Coman, Ana-Cristina"]
[Result "1-0"]
[ECO "D45"]
[WhiteElo "2084"]
[BlackElo "1454"]
[Annotator "NA RC"]
[PlyCount "99"]
[EventDate "2017.??.??"]
[EventCountry "ROU"]
[SourceTitle "playchess.com"]
[Source "ChessBase"]
[SourceQuality "1"]
[TimeControl "40/5400+30:900+30"]

1. d4 d5 2. c4 e6 3. Nf3 Nf6 4. Nc3 c6 5. e3 Nbd7 6. Qc2 Bd6 7. b3 O-O 8. Bb2 Re8 9. Be2 e5 {[%emt 0:04:35] D45: Semi-Slav: 5 e3} (9... dxc4 10. Bxc4 b5 11. Be2 Bb7 12. O-O a6 13. a4 e5 14. Ne4 Nxe4 15. Qxe4 Nf6 16. Qh4 e4 17. Ne5 {1-0 (49) Kovalenko,I (2596)-Sveshnikov,E (2534) Riga 2013}) 10. cxd5 cxd5 11. dxe5 Nxe5 12. Rd1 Be6 $146 ({Predecessor:} 12... b6 13. O-O Bb7 14. Nb5 Rc8 15. Qf5 Nxf3+ 16. Bxf3 Rc5 17. Nxd6 Qxd6 18. Ba3 Bc8 19. Bxc5 bxc5 {1-0 (56) Gusarchuk,A (2098)-Krupko,M Anapa 2007}) 13. O-O a6 14. Nd4 Rc8 15. Qb1 Qd7 16. Kh1 Bb8 17. Rc1 Qd6 18. g3 Bh3 19. Rfe1 Neg4 (19... Ba7 $17) 20. Kg1 g6 21. Nf3 $2 {[%emt 0:00:33] [#]} (21. Bf3 $11) 21... Qe7 $2 ({Black should play} 21... Nxf2 $1 $19 22. Nxd5 (22. Kxf2 Ng4+) 22... Nxd5 23. Rxc8 Rxc8 24. Kxf2 {[#]} Nxe3 $1 ) 22. Bf1 Nxf2 (22... Bxf1 $11 {hält das Gleichgewicht.} 23. Rxf1 Ba7) 23. Kxf2 Ng4+ (23... Bf5 $16 {is a better defense.} 24. Bd3 Bh3) 24. Kg1 Bxf1 25. Rxf1 $2 (25. Nxd5 $18 Qe6 26. Rxc8 Rxc8 27. Qd1) 25... Nxe3 26. Rf2 Ba7 27. Kh1 Qd6 28. Qd3 Ng4 (28... d4 $11 {bleibt in der Remisbreite.}) 29. Re2 Nf2+ $2 (29... Rxe2 $1 $14 30. Qxe2 Nf2+ 31. Kg2 Qd7) 30. Rxf2 Bxf2 31. Rf1 ({Worse is} 31. Nxd5 Rxc1+ 32. Bxc1 Rd8 $15) ({Weaker is} 31. Qxd5 Qxd5 32. Nxd5 Rxc1+ 33. Bxc1 Re2 $11) 31... Ba7 (31... Re3 $142 32. Qd1 (32. Qxd5 Qxd5 33. Nxd5 Re2 $16) 32... Rexc3 33. Bxc3 (33. Rxf2 Qc5 $16) 33... Rxc3) 32. Qxd5 Qxd5 (32... Rcd8 $1 $11 33. Qxd6 Rxd6) 33. Nxd5 Re2 34. Bd4 (34. Be5 $14 Rcc2 35. Rd1) 34... Bxd4 35. Nxd4 Re5 36. Nb6 ({White should try} 36. Nb4 $11) 36... Rd8 37. Nf3 Rf5 (37... Re2 $17 38. a4 Rb2) 38. Kg2 Rd3 39. Nc4 b5 40. Nce5 Rc3 41. g4 Rf4 42. g5 Re4 43. Rf2 Rc7 44. Rd2 Re7 45. Rd5 Re2+ ({Black should try} 45... Kg7 $14) 46. Kg3 Rxa2 $2 {[%emt 0:00:38] [#]} (46... Re8 $16 {is more resistant.}) 47. Rd8+ $1 Kg7 {[%emt 0:00:42] [#]} 48. Ng4 $1 Re6 49. Nh6 Re3 50. Rg8# 1-0

[Event "Maria Albulet Memorial 2017"]
[Site "Braila"]
[Date "2017.10.08"]
[Round "2"]
[White "Rakhmangulova, Anastasiya"]
[Black "Makropoulou, Marina"]
[Result "1-0"]
[ECO "D03"]
[WhiteElo "2242"]
[BlackElo "2136"]
[Annotator "NA"]
[PlyCount "53"]
[EventDate "2017.??.??"]
[EventCountry "ROU"]
[SourceTitle "playchess.com"]
[Source "ChessBase"]
[SourceQuality "1"]
[TimeControl "40/5400+30:900+30"]

1. d4 d5 2. Nf3 Nf6 3. Bg5 Ne4 4. Bh4 c5 5. e3 Qb6 6. Nc3 Qa5 7. Bb5+ Bd7 (7... Nc6 $17) 8. Bxd7+ Nxd7 9. O-O Nxc3 $11 10. bxc3 Qxc3 11. Rb1 b6 12. Rb3 Qa5 13. dxc5 Qxc5 14. Rd3 Nf6 15. Bxf6 exf6 16. e4 dxe4 17. Rd5 Qc7 18. Qd4 Be7 19. Qa4+ Kf8 20. Rd7 Qf4 21. Rfd1 g6 22. Nd4 Rc8 23. Qxa7 Qe5 24. Re1 f5 25. h4 Qa5 26. Rxe7 Qxe1+ 27. Kh2 1-0

[Event "Maria Albulet Memorial 2017"]
[Site "Braila"]
[Date "2017.10.08"]
[Round "2"]
[White "Miladinovic, Lena"]
[Black "Djukic, Sandra"]
[Result "1/2-1/2"]
[ECO "D04"]
[WhiteElo "2138"]
[BlackElo "2084"]
[Annotator "NA"]
[PlyCount "30"]
[EventDate "2017.??.??"]
[EventCountry "ROU"]
[SourceTitle "playchess.com"]
[Source "ChessBase"]
[SourceQuality "1"]
[TimeControl "40/5400+30:900+30"]

1. d4 Nf6 2. Nf3 d5 3. e3 c6 4. Bd3 Bg4 5. O-O e6 6. h3 Bh5 7. b3 Nbd7 8. Bb2 Bd6 9. Nbd2 O-O 10. c4 a5 11. Rc1 Qe7 12. c5 Bc7 13. Qc2 e5 14. dxe5 Nxe5 15. Nxe5 Bxe5 1/2-1/2

[Event "Maria Albulet Memorial 2017"]
[Site "Braila"]
[Date "2017.10.08"]
[Round "2"]
[White "Aciu, Malina-Andreea"]
[Black "Nastase, Andreea-Cristina"]
[Result "0-1"]
[ECO "B22"]
[WhiteElo "2006"]
[BlackElo "1989"]
[Annotator "NA"]
[PlyCount "140"]
[EventDate "2017.??.??"]
[EventCountry "ROU"]
[SourceTitle "playchess.com"]
[Source "ChessBase"]
[SourceQuality "1"]
[TimeControl "40/5400+30:900+30"]

1. e4 c5 2. c3 Nf6 3. e5 Nd5 4. d4 cxd4 5. Nf3 e6 6. cxd4 b6 7. Nc3 Bb7 8. Bd2 {[%emt 0:00:28] B22: Sicilian: 2 c3} (8. Bd3 Na6 9. Nxd5 Bxd5 10. Bxa6 b5 11. O-O Qb6 12. Bxb5 Qxb5 13. Ng5 h6 14. Nh3 Be7 15. Nf4 Bb7 16. Qg4 {½-½ (46) Savchenko,B (2608)-Popov,I (2627) Moscow 2014}) 8... d6 9. Bb5+ Nd7 10. Ne4 a6 11. Bg5 f6 12. exf6 $146 ({Predecessor:} 12. Bxd7+ Qxd7 13. exf6 h6 14. Bh4 Nf4 15. fxg7 Bxg7 {0-1 (58) Holzhaeuer,M (2330)-Costa,J (2425) Germany 1995}) 12... N5xf6 13. Bxf6 gxf6 14. Bd3 Rg8 15. O-O f5 16. Ned2 Qf6 17. Re1 Bd5 18. Nc4 f4 19. Rc1 Qg7 20. Bf1 Qg4 21. Ncd2 Ke7 22. g3 fxg3 23. hxg3 Bh6 24. Bg2 Raf8 25. Rc3 Bxd2 26. Nxd2 Qxd4 27. Qe2 Nc5 28. Nb3 Bxb3 29. Rxb3 Rf6 30. Rxb6 Rxg3 31. Rd1 Rxf2 32. Qxf2 Qxd1+ 33. Kh2 Rg5 34. Bf3 Qc1 35. Rb4 a5 36. Rh4 Rg7 37. a3 Qg5 38. b4 axb4 39. axb4 Qe5+ 40. Kh1 Qa1+ 41. Kh2 Nd3 42. Qe3 Qb2+ 43. Be2 Qe5+ ({Worse is} 43... Nxb4 44. Qa7+ Ke8 45. Qb8+ Ke7 46. Qb7+ Kd8 47. Qb8+ Ke7 48. Qb7+ Kd8 49. Qb8+ Ke7 $11) 44. Qxe5 Nxe5 45. b5 d5 46. b6 Kd6 47. Rb4 Rb7 48. Ba6 Rb8 49. b7 Nd7 50. Bd3 h6 51. Rh4 Rxb7 52. Rxh6 Rb2+ 53. Kg1 Nc5 54. Bf1 Rb1 55. Kf2 Ne4+ 56. Kg2 Rb2+ 57. Kg1 $1 $11 {[%emt 0:00:10] und Weiss ist OK.} Ng5 (57... Ke5 58. Bh3) 58. Bg2 Ne4 $2 (58... Ke5 $19 59. Rh4 Nf7) 59. Bxe4 $2 dxe4 60. Kf1 Kd5 61. Rh8 e3 62. Rd8+ Ke4 63. Re8 e5 64. Re7 Rf2+ 65. Ke1 Ra2 66. Kd1 $2 (66. Re8 $19) 66... e2+ 67. Ke1 Kf3 68. Rxe5 (68. Rf7+ $11 Ke4 69. Rb7) 68... Ra1+ 69. Kd2 Rd1+ 70. Kc2 e1=Q 0-1

[Event "Maria Albulet Memorial 2017"]
[Site "Braila"]
[Date "2017.10.08"]
[Round "2"]
[White "Didiliuc, Dariana-Gabriela"]
[Black "Petrenko, Svetlana"]
[Result "0-1"]
[ECO "A66"]
[WhiteElo "1779"]
[BlackElo "2140"]
[Annotator "ChessBase"]
[PlyCount "92"]
[EventDate "2017.??.??"]
[EventCountry "ROU"]
[SourceTitle "playchess.com"]
[Source "ChessBase"]
[SourceQuality "1"]
[TimeControl "40/5400+30:900+30"]

1. d4 Nf6 2. c4 c5 3. d5 e6 4. Nc3 exd5 5. cxd5 d6 6. e4 g6 7. f4 Qe7 8. Bb5+ Nfd7 9. Be2 a6 10. a4 Bg7 11. Nf3 O-O 12. O-O f6 13. Nd2 b6 14. Nc4 Ra7 15. Qb3 Rb7 16. e5 dxe5 17. Bf3 Kh8 18. d6 Qe6 19. Bd5 Qg4 20. Ne3 Qh5 21. Bf3 Qh6 22. Ng4 Qh4 23. g3 Qh3 24. Ne4 Nc6 25. Bd1 Nd4 26. Qd3 exf4 27. Bxf4 Ne6 28. Bd2 f5 29. Nef2 Qxf1+ 30. Qxf1 fxg4 31. Bxg4 Ne5 32. Qd1 Rbf7 33. Be1 Nxg4 34. Nxg4 Rf1+ 35. Kg2 Bb7+ 36. Kh3 Ng5+ 37. Kh4 Nf3+ 38. Kh3 Ng1+ 39. Kh4 Nf3+ 40. Kh3 g5 41. Bf2 Rxd1 42. Rxd1 h5 43. d7 hxg4+ 44. Kxg4 Ne5+ 45. Kxg5 Rd8 46. Rd6 Nf7+ 0-1

[Event "Maria Albulet Memorial 2017"]
[Site "Braila"]
[Date "2017.10.08"]
[Round "2"]
[White "Patru, Alexandra-Ioana"]
[Black "Vorniceanu, Alina"]
[Result "0-1"]
[ECO "A46"]
[WhiteElo "1623"]
[BlackElo "1498"]
[Annotator "NA"]
[PlyCount "74"]
[EventDate "2017.??.??"]
[EventCountry "ROU"]
[SourceTitle "playchess.com"]
[Source "ChessBase"]
[SourceQuality "1"]
[TimeControl "40/5400+30:900+30"]

1. d4 Nf6 2. Nf3 c5 3. e3 cxd4 4. exd4 d5 5. Bd3 Bg4 6. Nbd2 e6 7. O-O Bd6 8. c3 O-O 9. Qc2 Nc6 10. Re1 Rc8 11. a3 a6 12. b3 Qc7 13. h3 Bf5 14. Bxf5 exf5 15. Bb2 Ne4 16. c4 Ne7 17. Qd3 dxc4 18. bxc4 Nxd2 19. Nxd2 Rfe8 20. d5 b5 21. Rac1 Qb7 22. Qd4 f6 23. c5 Be5 24. c6 Qc7 25. Rxe5 fxe5 26. Qc5 Red8 27. Re1 Rxd5 28. Qe3 Nxc6 29. Nf3 Re8 30. Qg5 e4 31. Nh4 Qe7 32. Qg3 Rf8 33. Kh1 Rd3 34. f3 Na5 35. Nxf5 Rxf5 36. Rxe4 Qd7 37. Re8+ Kf7 0-1

[Event "Maria Albulet Memorial 2017"]
[Site "Braila"]
[Date "2017.10.08"]
[Round "2"]
[White "Uzuneanu, Gabriela"]
[Black "Popa, Catalina-Elena"]
[Result "1-0"]
[ECO "B21"]
[WhiteElo "1564"]
[BlackElo "1731"]
[Annotator "NA"]
[PlyCount "79"]
[EventDate "2017.??.??"]
[EventCountry "ROU"]
[SourceTitle "playchess.com"]
[Source "ChessBase"]
[SourceQuality "1"]
[TimeControl "40/5400+30:900+30"]

1. e4 c5 2. f4 Nc6 3. Nf3 g6 4. g3 Bg7 5. Bg2 d6 6. d3 e6 7. Nc3 Nge7 8. Bd2 O-O 9. O-O b6 10. Rb1 Nd4 11. Ne2 Nxf3+ 12. Bxf3 Bb7 13. Bc3 f5 14. Bxg7 Kxg7 15. Nc3 Qd7 16. d4 fxe4 17. Nxe4 d5 18. dxc5 Qc7 19. cxb6 Qxb6+ 20. Nf2 Nf5 21. Re1 Kf7 22. Qd2 Rac8 23. c3 Rc7 24. Bh1 Rfc8 25. g4 Ng7 26. Qe3 Qxe3 27. Rxe3 d4 28. cxd4 Rc1+ 29. Re1 Rxe1+ 30. Rxe1 Bxh1 31. Kxh1 Rc2 32. Nd3 Rd2 33. Re3 h5 34. Ne5+ Kf6 35. g5+ Kf5 36. Nd3 Kg4 37. h3+ Kh4 38. Ne5 Rd1+ 39. Kg2 Rd2+ 40. Kf1 1-0

[Event "Maria Albulet Memorial 2017"]
[Site "Braila"]
[Date "2017.10.08"]
[Round "2"]
[White "Coman, Ana-Cristina"]
[Black "Andres, Marina-Corina"]
[Result "0-1"]
[ECO "A46"]
[WhiteElo "1454"]
[BlackElo "1581"]
[Annotator "NA"]
[PlyCount "142"]
[EventDate "2017.??.??"]
[EventCountry "ROU"]
[SourceTitle "playchess.com"]
[Source "ChessBase"]
[SourceQuality "1"]
[TimeControl "40/5400+30:900+30"]

1. d4 Nf6 2. Nf3 c5 3. e3 cxd4 4. exd4 d5 5. Bd3 Bg4 6. Nbd2 e6 7. O-O Bd6 8. c3 O-O 9. Qc2 Nc6 10. Re1 Rc8 11. a3 a6 12. b3 Qc7 13. h3 Bf5 14. Bxf5 exf5 15. Bb2 Ne4 16. c4 Ne7 17. Qd3 Nxd2 18. Nxd2 Qd7 19. Re2 dxc4 20. bxc4 Ng6 21. d5 Nf4 22. Qf3 Nxe2+ 23. Qxe2 Rfe8 24. Qd3 Be5 25. Bxe5 Rxe5 26. Nf3 Re4 27. Nd2 Re7 28. Rc1 Rce8 29. Nf3 Rd8 30. Nd4 g6 31. Nb3 Rde8 32. Qc3 Qd6 33. Na5 Rc8 34. Qb3 Qc7 35. Qb4 Re4 36. Qc3 Qc5 37. Nxb7 Qxc4 38. Qxc4 Rexc4 39. Rd1 Rc1 40. Rxc1 Rxc1+ 41. Kh2 Rc7 42. Na5 Rc5 43. Nc6 Kf8 44. Nb8 Ra5 45. d6 Rxa3 46. Nd7+ Ke8 47. Nf6+ Kd8 48. Nxh7 Kd7 49. Ng5 f6 50. Nh7 Kxd6 51. Nxf6 a5 52. h4 a4 53. Nh7 Rb3 54. Nf8 a3 55. Nxg6 a2 56. h5 a1=Q 57. h6 Rb8 58. h7 Rh8 59. Nxh8 Qxh8 60. Kg3 Qxh7 61. Kf4 Ke6 62. g4 fxg4 63. Kxg4 Qf5+ 64. Kg3 Ke5 65. f3 Qf4+ 66. Kg2 Kd4 67. Kh1 Ke3 68. Kg2 Qxf3+ 69. Kg1 Qe2 70. Kh1 Kf3 71. Kg1 Qg2# 0-1

[Event "Maria Albulet Memorial 2017"]
[Site "Braila"]
[Date "2017.10.09"]
[Round "3"]
[White "Petrenko, Svetlana"]
[Black "Rakhmangulova, Anastasiya"]
[Result "0-1"]
[ECO "A58"]
[WhiteElo "2140"]
[BlackElo "2242"]
[Annotator "ChessBase"]
[PlyCount "102"]
[EventDate "2017.??.??"]
[EventCountry "ROU"]
[SourceTitle "playchess.com"]
[Source "ChessBase"]
[SourceQuality "1"]
[TimeControl "40/5400+30:900+30"]

1. d4 Nf6 2. c4 c5 3. d5 b5 4. cxb5 a6 5. bxa6 Bxa6 6. Nc3 d6 7. g3 g6 8. Bg2 Bg7 9. Nf3 O-O 10. O-O Nbd7 11. Qc2 Qa5 12. Rd1 Rfb8 13. Bd2 Ng4 14. h3 Nge5 15. Nxe5 Nxe5 16. b3 c4 17. f4 Qc5+ 18. Kh2 cxb3 19. axb3 Bxe2 20. Rxa8 Rxa8 21. fxe5 Bxd1 22. Qxd1 Bxe5 23. Ne4 Qb6 24. Bc3 Bxc3 25. Nxc3 Ra3 26. Ne4 Rxb3 27. Qc2 Qe3 28. Qc8+ Kg7 29. Qc7 Rb2 30. Qc3+ Qxc3 31. Nxc3 e6 32. Nd1 Rd2 33. Ne3 Re2 34. Nd1 Kf6 35. Nc3 Rc2 36. Ne4+ Ke7 37. dxe6 fxe6 38. Kg1 d5 39. Ng5 h6 40. Nf3 Kd6 41. Ne1 Ra2 42. g4 e5 43. Nd3 e4 44. Nf4 g5 45. Nh5 Ke5 46. Ng3 d4 47. Nf5 d3 48. Bf1 Kf4 49. Nd4 d2 50. Ne2+ Ke3 51. Nc3 Ra1 0-1

[Event "Maria Albulet Memorial 2017"]
[Site "Braila"]
[Date "2017.10.09"]
[Round "3"]
[White "Makropoulou, Marina"]
[Black "Didiliuc, Dariana-Gabriela"]
[Result "1-0"]
[ECO "B30"]
[WhiteElo "2136"]
[BlackElo "1779"]
[Annotator "NA"]
[PlyCount "79"]
[EventDate "2017.??.??"]
[EventCountry "ROU"]
[SourceTitle "playchess.com"]
[Source "ChessBase"]
[SourceQuality "1"]
[TimeControl "40/5400+30:900+30"]

1. e4 c5 2. Nf3 Nc6 3. Bb5 d6 4. O-O Nf6 5. Re1 a6 6. Bxc6+ $1 {[%emt 0:01:18] LiveBook: 3 Games} bxc6 7. e5 Nd5 8. exd6 e6 9. Na3 Bxd6 10. Nc4 Bb8 11. b3 O-O 12. Ba3 Ba7 13. d4 $16 Qe7 14. Nfe5 Bb7 15. dxc5 Rfd8 16. Qf3 f6 17. Nd3 e5 18. Nd6 Rab8 19. h3 Ba8 20. Qg4 Nc7 21. Qc4+ Kf8 22. Qh4 g5 23. Qc4 Nb5 24. Bb4 Nxd6 25. cxd6 Qb7 26. Bc5 Kg7 27. b4 Rbc8 28. Rad1 Bb8 29. Nb2 Rd7 30. Qg4 Rcd8 31. Nc4 h6 32. h4 h5 33. Qe4 gxh4 34. Qxh4 Rh8 35. Re3 Rh6 36. Rg3+ Kh7 37. Ne3 Qc8 38. Nf5 Qf8 39. Nxh6 Qxh6 40. Be3 1-0

[Event "Maria Albulet Memorial 2017"]
[Site "Braila"]
[Date "2017.10.09"]
[Round "3"]
[White "Nastase, Andreea-Cristina"]
[Black "Cosman, Andreea-Marioara"]
[Result "1/2-1/2"]
[ECO "A45"]
[WhiteElo "1989"]
[BlackElo "2125"]
[Annotator "NA"]
[PlyCount "92"]
[EventDate "2017.??.??"]
[EventCountry "ROU"]
[SourceTitle "playchess.com"]
[Source "ChessBase"]
[SourceQuality "1"]
[TimeControl "40/5400+30:900+30"]

1. d4 Nf6 2. f3 c5 3. d5 e6 4. Nc3 exd5 5. Nxd5 Nxd5 6. Qxd5 d6 7. Bg5 Qb6 8. Qb3 Qa5+ 9. Bd2 Qc7 10. e4 $14 Nc6 11. Bc4 a6 12. a4 Nd4 13. Qd3 Bd7 14. c3 Nc6 15. Bf4 Na5 16. Bd5 c4 17. Qe2 Be7 18. Nh3 O-O 19. Nf2 Rab8 20. O-O Nb3 21. Rad1 Bxa4 22. e5 Rbd8 23. exd6 Bxd6 24. Bxd6 Rxd6 25. Ne4 Rh6 26. f4 Nc5 27. Rd4 Bb5 28. Nxc5 Qxc5 29. Bxc4 Bc6 30. b4 Qb6 31. Kh1 Rg6 32. Bd5 Bb5 33. Bc4 Bc6 34. Bd5 Bb5 35. Bc4 Re8 36. Qa2 Bxc4 37. Qxc4 Rc6 38. Qb3 Qc7 39. c4 Rce6 40. h3 Qc6 41. Qf3 Qb6 42. c5 Qb5 43. f5 Re3 44. Qd1 Qc6 45. Qg4 Qf6 46. Rd6 Qe5 1/2-1/2

[Event "Maria Albulet Memorial 2017"]
[Site "Braila"]
[Date "2017.10.09"]
[Round "3"]
[White "Popa, Catalina-Elena"]
[Black "Coman, Ana-Cristina"]
[Result "1-0"]
[ECO "C31"]
[WhiteElo "1731"]
[BlackElo "1454"]
[Annotator "NA"]
[PlyCount "81"]
[EventDate "2017.??.??"]
[EventCountry "ROU"]
[SourceTitle "playchess.com"]
[Source "ChessBase"]
[SourceQuality "1"]
[TimeControl "40/5400+30:900+30"]

1. e4 e5 2. f4 d5 3. exd5 exf4 4. Bc4 Nf6 5. Nc3 Bd6 6. Nf3 O-O 7. O-O Bg4 8. d4 Re8 9. Qd3 h6 10. Nb5 a6 11. Nxd6 Qxd6 12. Ne5 Rxe5 13. dxe5 Qb6+ 14. Kh1 Nfd7 15. Bxf4 Nc5 16. Qg3 h5 17. Be3 Ne4 18. Qf4 Qg6 19. Bd3 Bf5 20. Qxf5 Qxf5 21. Rxf5 g6 22. Rf3 Nd7 23. Bxe4 Nxe5 24. Rff1 Nc4 25. Bd4 Nd2 26. Rfe1 Re8 27. Bd3 Rd8 28. Bc3 Rxd5 29. Bxd2 Rd8 30. Re7 c5 31. Bc3 b5 32. b3 b4 33. Bb2 Kf8 34. Ra7 a5 35. Rf1 f5 36. Bg7+ Kg8 37. Bc4+ Kh7 38. Bf6+ Kh6 39. h4 g5 40. hxg5+ Kg6 41. Rg7# {[%emt 0:00:46] Kxg5 Rxg5} 1-0

[Event "Maria Albulet Memorial 2017"]
[Site "Braila"]
[Date "2017.10.09"]
[Round "3"]
[White "Patru, Alexandra-Ioana"]
[Black "Aciu, Malina-Andreea"]
[Result "0-1"]
[ECO "D05"]
[WhiteElo "1623"]
[BlackElo "2006"]
[Annotator "NA"]
[PlyCount "62"]
[EventDate "2017.??.??"]
[EventCountry "ROU"]
[SourceTitle "playchess.com"]
[Source "ChessBase"]
[SourceQuality "1"]
[TimeControl "40/5400+30:900+30"]

1. d4 Nf6 2. Nf3 c5 3. e3 e6 4. Nbd2 d5 5. b3 Bd6 6. Bb2 O-O 7. Bd3 Nc6 8. a3 Re8 9. Ne5 h6 10. O-O Nd7 11. f4 Ndxe5 12. dxe5 Bc7 13. Kh1 a6 14. c4 Qe7 15. Qe2 b6 16. Rf3 Bb7 17. Rg3 Rad8 18. Qg4 Qf8 19. Nf3 dxc4 20. Bxc4 Na5 21. f5 exf5 22. Qxf5 Nxc4 23. bxc4 Re6 24. Rf1 Rde8 25. e4 Rd8 26. Nh4 Rd2 27. Bc3 Rd8 28. Ng6 Rxg6 29. Rxg6 fxg6 30. Qe6+ Kh7 31. Rxf8 Rd1+ 0-1

[Event "Maria Albulet Memorial 2017"]
[Site "Braila"]
[Date "2017.10.09"]
[Round "3"]
[White "Andres, Marina-Corina"]
[Black "Uzuneanu, Gabriela"]
[Result "0-1"]
[ECO "C43"]
[WhiteElo "1581"]
[BlackElo "1564"]
[Annotator "NA"]
[PlyCount "98"]
[EventDate "2017.??.??"]
[EventCountry "ROU"]
[SourceTitle "playchess.com"]
[Source "ChessBase"]
[SourceQuality "1"]
[TimeControl "40/5400+30:900+30"]

1. e4 e5 2. Nf3 Nf6 3. d4 exd4 4. e5 Nd5 5. Qxd4 Nb4 6. Qd1 Be7 7. c3 N4c6 8. Bd3 d6 9. exd6 Bxd6 10. O-O O-O 11. Re1 h6 12. Be3 Nd7 13. Nbd2 Nde5 14. Nxe5 Nxe5 15. Be2 Bf5 16. Nc4 Nxc4 17. Bxc4 Qh4 18. Qf3 Bg4 19. g3 Qxh2+ 20. Kxh2 Bxf3 21. Bf1 a6 22. Bg2 Bxg2 23. Kxg2 Rfe8 24. Rad1 Re6 25. Rd3 Rae8 26. Red1 Re4 27. Rd4 Rxd4 28. Rxd4 Bc5 29. Rd3 Bxe3 30. fxe3 Re7 31. Rd8+ Kh7 32. Kf3 Kg6 33. Rb8 b6 34. Ra8 a5 35. b4 Re5 36. Ra7 axb4 37. cxb4 Rb5 38. a3 c5 39. bxc5 Rxc5 40. Ra6 Rf5+ 41. Ke4 Rf6 42. Kd4 Kg5 43. Kc4 Kg4 44. Kb5 Kxg3 45. Rxb6 Rxb6+ 46. Kxb6 h5 47. a4 h4 48. a5 h3 49. a6 h2 0-1

[Event "Maria Albulet Memorial 2017"]
[Site "Braila"]
[Date "2017.10.09"]
[Round "3"]
[White "Vorniceanu, Alina"]
[Black "Babiy, Olga"]
[Result "0-1"]
[ECO "B23"]
[WhiteElo "1498"]
[BlackElo "2317"]
[Annotator "NA"]
[PlyCount "114"]
[EventDate "2017.??.??"]
[EventCountry "ROU"]
[SourceTitle "playchess.com"]
[Source "ChessBase"]
[SourceQuality "1"]
[TimeControl "40/5400+30:900+30"]

1. e4 c5 2. Nc3 e6 3. g3 a6 4. Bg2 b5 5. f4 Bb7 6. d3 b4 {[%emt 0:00:23] B23: Closed Sicilian: Lines without g3} (6... Nf6 7. Nf3 b4 8. Ne2 Nc6 9. O-O Be7 10. h3 d5 11. e5 Nd7 12. Be3 O-O 13. g4 d4 14. Bd2 f6 15. exf6 Nxf6 {½-½ (29) Jakubowski,K (2562)-Kempinski,R (2647) Poland 2015}) 7. Nce2 d5 8. e5 h5 {[%emt 0:00:42] LiveBook: 4 Games} 9. Nf3 Nc6 10. O-O Nh6 11. Be3 Ng4 12. Bf2 Be7 $146 ({Predecessor:} 12... Nxf2 13. Rxf2 Ne7 14. c3 {0-1 (60) Perez,F (2260)-Flear,C (2149) France 2010}) 13. h3 Nxf2 14. Rxf2 g5 15. Qd2 g4 16. Nh2 f5 (16... gxh3 $15 17. Bxh3 h4) 17. exf6 Bxf6 18. c3 Rg8 19. Qe3 Qd6 (19... Qe7 $11) 20. f5 e5 21. Qh6 (21. h4 $15) 21... Rh8 22. Qe3 gxh3 23. Bxh3 {[%emt 0:00:47] [#]} O-O-O $1 24. cxb4 cxb4 25. Rc1 Kb8 26. Qb6 e4 27. dxe4 dxe4 28. Nf1 Ne5 29. Qxd6+ Rxd6 30. Rb1 e3 31. Nxe3 Nf3+ 32. Kf1 Nd2+ 33. Ke1 $19 Nxb1 34. Nc4 Rd7 35. Nf4 Bd4 36. Re2 Bf3 37. Re6 Bc5 38. Ne3 Bg4 39. Re5 Bxe3 40. Rxe3 Rd1+ 41. Kf2 Rd2+ 42. Ke1 Rc8 43. Nd3 Bxh3 44. f6 Rf8 45. Nf2 Rxf6 46. Re2 Rxe2+ 47. Kxe2 Bg4+ 48. Ke3 Rf3+ 49. Ke2 Rxg3+ 50. Kf1 h4 51. Nxg4 Rxg4 52. Ke2 h3 53. Kd1 h2 54. Ke2 h1=Q 55. Ke3 Qe4+ 56. Kf2 Rg2+ 57. Kf1 Qe2# 0-1

[Event "Maria Albulet Memorial 2017"]
[Site "Braila"]
[Date "2017.10.10"]
[Round "5"]
[White "Petrenko, Svetlana"]
[Black "Uzuneanu, Gabriela"]
[Result "1-0"]
[ECO "A43"]
[WhiteElo "2140"]
[BlackElo "1564"]
[Annotator "NA"]
[PlyCount "57"]
[EventDate "2017.??.??"]
[EventCountry "ROU"]
[SourceTitle "playchess.com"]
[Source "ChessBase"]
[SourceQuality "1"]
[TimeControl "40/5400+30:900+30"]

1. d4 c5 2. d5 b5 3. e4 a6 4. a4 b4 5. a5 d6 6. Bc4 g6 7. f4 Bg7 8. Nf3 Nd7 $16 9. Qe2 f6 10. b3 Qc7 11. Bb2 Nh6 12. O-O Nf7 13. Nbd2 O-O 14. h4 Kh8 15. g4 Nd8 16. Nh2 Nb8 17. e5 dxe5 18. fxe5 f5 19. g5 Nd7 20. Ndf3 Nf7 21. Rfe1 h6 22. gxh6 Nxh6 23. Ng5 Nb8 24. h5 gxh5 25. Qxh5 Ra7 26. e6 Qg3+ 27. Kh1 Bb7 28. Qxh6+ Kg8 29. Qxg7# 1-0

[Event "Maria Albulet Memorial 2017"]
[Site "Braila"]
[Date "2017.10.10"]
[Round "5"]
[White "Miladinovic, Lena"]
[Black "Doluhanova, Evgeniya"]
[Result "1/2-1/2"]
[ECO "E53"]
[WhiteElo "2138"]
[BlackElo "2328"]
[Annotator "NA"]
[PlyCount "92"]
[EventDate "2017.??.??"]
[EventCountry "ROU"]
[SourceTitle "playchess.com"]
[Source "ChessBase"]
[SourceQuality "1"]
[TimeControl "40/5400+30:900+30"]

1. c4 Nf6 2. Nc3 e6 3. Nf3 d5 4. d4 Bb4 5. e3 O-O 6. Bd3 c5 7. O-O cxd4 8. exd4 dxc4 9. Bxc4 b6 10. a3 Bxc3 11. bxc3 Bb7 {[%emt 0:00:21] E54: Nimzo-Indian: Rubinstein: Main Line: 7...dxc4 8 Bxc4} 12. Re1 Qc7 13. Ne5 (13. Bd3 Qxc3 14. Bg5 Nbd7 15. Re3 Qc6 16. Rc1 Qd5 17. Rb1 Rac8 18. Rb5 Qc6 {0-1 (26) Aagaard,J (2522)-Akopian,V (2681) Porto Carras 2011}) 13... Nbd7 14. Bd3 Nxe5 15. dxe5 $146 ({Predecessor:} 15. Rxe5 Qc6 16. Rg5 Qxc3 17. Rb1 Rac8 18. Bb2 Qc7 19. d5 Qf4 20. h4 h6 21. g3 {1-0 (21) Kobese,W (2396)-Paschall,W (2330) Budapest 2008}) 15... Qc6 16. Bf1 Rfd8 17. Qe2 Ne4 18. c4 Qc5 19. Bf4 Rd7 20. Qc2 Qc6 21. Rad1 Rad8 22. Rxd7 Rxd7 23. Rd1 h6 24. Re1 Nc5 25. Re3 Qa4 26. Qxa4 Nxa4 27. Re1 Ba6 28. f3 Nc5 29. Be3 Rc7 30. Rd1 Nd7 31. f4 Kf8 32. c5 Bxf1 33. cxb6 axb6 34. Kxf1 Ke8 35. Ke2 Ra7 36. Rb1 Rxa3 37. Bxb6 Nxb6 38. Rxb6 g5 39. fxg5 Ra5 40. Rb8+ Ke7 41. gxh6 Rxe5+ 42. Kf3 Rh5 43. Rh8 Rxh2 44. g4 f6 45. Kg3 Rh1 46. Kg2 Rh4 $11 1/2-1/2